 Dungeon Crawl Stone Soup version 0.29.0-11-gd7f09526c8 (webtiles) character file.

Game seed: 12038462125980117847

102 SensoryNuts the Ducker (level 4, -1/31 HPs)
             Began as an Octopode Fighter on Sept 2, 2022.
             Splashed by a jelly's acid (4 damage)
             ... on level 3 of the Dungeon.
             The game lasted 00:01:26 (2229 turns).

SensoryNuts the Ducker (Octopode Fighter)           Turns: 2229, Time: 00:01:26

Health: -1/31      AC: -3    Str: 15    XL:     4   Next: 77%
Magic:  4/4        EV: 12    Int: 10    God:
Gold:   159        SH: 11    Dex: 13    Spells: 3/3 levels left

rFire   . . .      SeeInvis .   a - +0 long sword
rCold   . . .      Faith    .   f - +3 kite shield
rNeg    . . .      Spirit   .   (helmet restricted)
rPois   .          Reflect  .   (no amulet)
rElec   .          Harm     .   (no ring)
rCorr   .          Rampage  .   (no ring)
Will    .....                   (no ring)
Stlth   +++.......              (no ring)
HPRegen 0.10/turn               (no ring)
MPRegen 0.09/turn               (no ring)
                                (no ring)
                                (no ring)

@: corroded
A: almost no armour, amphibious, 8 rings, camouflage 1, gelatinous body 1,
(nimble swimmer 1), tentacles
a: no special abilities


You were on level 3 of the Dungeon.
You visited 1 branch of the dungeon, and saw 3 of its levels.

You collected 159 gold pieces.

Inventory:

Hand Weapons
 a - a +0 long sword (weapon)
Armour
 f - a +3 kite shield (worn)
Jewellery
 e - an amulet of magic regeneration
Wands
 l - a wand of mindburst (19)
Scrolls
 b - a scroll of butterflies
Potions
 c - 2 potions of might
 d - a potion of lignification {unknown}
 h - a potion of heal wounds
 i - 4 potions of curing
 k - a potion of resistance {unknown}
 m - 2 potions of degeneration {unknown}
 n - 2 potions of flight {unknown}


   Skills:
 + Level 3.2 Fighting
 * Level 3.4 Long Blades
 + Level 3.5 Dodging
 + Level 1.5 Stealth
 + Level 3.4 Shields


You had 3 spell levels left.
You didn't know any spells.
Your spell library contained the following spells:

 Spells                   Type           Power      Damage    Failure   Level
 Dazzling Flash           Conj/Hex       0%         N/A       98%         3
 Agony                    Necr           0%         N/A       100%        5
 Silence                  Hex/Air        0%         N/A       100%        5


Dungeon Overview and Level Annotations

Branches:
Dungeon (3/15)

Altars:


Innate Abilities, Weirdness & Mutations

You cannot wear most types of armour.
You are amphibious.
You can wear up to eight rings at the same time.
Your skin changes colour to match your surroundings (Stealth+).
Your rubbery body absorbs attacks. (AC +1, EV +1)
((You are camouflaged when in or above water. (Stealth+)))
You have tentacles for arms and can constrict up to eight enemies at once.


Message History

No target in view!
You see here a +0 ring mail.
d - a glowing orange potion You see here a +0 hand axe.
A goblin comes into view. It is wielding a +0 club.
Found 2 stones.
Found a stone staircase leading down.
The goblin shouts!
Found a potion of curing.
The goblin barely misses you.
You closely miss the goblin. Your grab misses the goblin.
Your squeeze misses the goblin. You block the goblin's attack.
You slash the goblin!
You kill the goblin!
No target in view!
No target in view!
No target in view!
No target in view!
No target in view!
Things that are here:
a +0 club; a goblin corpse
i - 4 potions of curing (gained 1)
There is a stone staircase leading down here.
A jelly comes into view.
Found a stone staircase leading up.
A jelly is nearby!
A jelly is nearby!
The jelly hits you but does no damage.
You hit the jelly.
Your tentacles burn!
The jelly is moderately wounded.
You block the jelly's attack. The jelly hits you.
You are splashed with acid!
A jelly is nearby!
A jelly is nearby!
A jelly is nearby!
You slash the jelly!
Your tentacles burn!
The jelly is severely wounded.
The jelly hits you. The acid corrodes you!
You are splashed with acid!
* * * LOW HITPOINT WARNING * * *
Unknown command.
You hit the jelly but do no damage.
Your tentacles burn!
You die...

##.### #.)..#####..#
#..........#
###(..>###########
..................###
#################...#######
#........#####........
#......<..............
#...J@...#####........
#........# #########
##########


You could see a jelly.

Vanquished Creatures
  5 adders
  4 orcs (D:3)
  2 bats (D:1)
  5 endoplasms
  A giant cockroach (D:1)
  5 goblins
  7 hobgoblins
  2 quokkas
  5 ball pythons
  5 frilled lizards
  6 kobolds
  2 rats
49 creatures vanquished.

Notes
Turn   | Place    | Note
-------+----------+-------------------------------------------
     0 | D:1      | SensoryNuts the Octopode Fighter began the quest for the
                  | Orb.
     0 | D:1      | Reached XP level 1. HP: 16/16 MP: 1/1
   158 | D:1      | Reached XP level 2. HP: 18/21 MP: 2/2
   805 | D:1      | Reached XP level 3. HP: 23/26 MP: 3/3
  1415 | D:2      | Reached XP level 4. HP: 27/31 MP: 4/4
  1770 | D:2      | Reached skill level 1 in Stealth
  2229 | D:3      | Splashed by a jelly's acid

Illustrated notes

Levels and vault maps discovered:
D:1:      scummos_arrival_forest, layout_basic
D:2:      layout_basic, minmay_distorted
D:3:      layout_rooms, uniq_ijyb

Skill      XL: |  1  2  3  4 |
---------------+-------------+-----
Long Blades    | 3 |  3.4
Stealth        | 1 |  1.5
Fighting       | |  3.2
Dodging        | |  3.5
Shields        | |  3.4

Action                   |  1- 3 |  4- 6 || total
-------------------------+-------+-------++-------
Melee: Long sword        |    60 |    26 ||    86
       Constrict         |    13 |     6 ||    19
       Tentacles         |     8 |     5 ||    13
  Use: Scroll            |       |     4 ||     4
 Stab: Sleeping          |     6 |     5 ||    11
Armor: Skin              |     3 |     2 ||     5
Dodge: Dodged            |    26 |     7 ||    33
Block: Buckler           |     1 |       ||     1
       Kite shield       |    25 |    13 ||    38
